 Dungeon Crawl Stone Soup version 0.30-a0-778-g2ef04afb54 (webtiles) character file.

Game seed: 1274721677089385009

135 porpoise the Sneak (level 5, -1/37 HPs)
             Began as a Gnoll Enchanter on Feb 16, 2023.
             Slain by an orc
             ... wielding a +0 flail
              (7 damage)
             ... on level 4 of the Dungeon.
             The game lasted 00:10:31 (2664 turns).

porpoise the Sneak (Gnoll Enchanter)                Turns: 2664, Time: 00:10:32

Health: -1/37      AC:  5    Str:  7    XL:     5   Next: 18%
Magic:  1/12       EV: 13    Int: 16    God:
Gold:   200        SH:  0    Dex: 13    Spells: 6/14 levels left

rFire   . . .      SeeInvis .    a - +2 dagger (venom)
rCold   . . .      Faith    .    (no shield)
rNeg    + + .      Spirit   .    b - +0 robe
rPois   .          Reflect  .    p - +0 helmet
rElec   .          Harm     .    w - +0 cloak
rCorr   .          Rampage  .    (no gloves)
Will    .....                    x - +0 pair of boots
Stlth   +++                      (no amulet)
HPRegen 0.26/turn                l - ring of positive energy
MPRegen 0.13/turn                m - ring of positive energy

@: no status effects
A: fangs 1, strong nose, distributed training
a: no special abilities


You were on level 4 of the Dungeon.
You visited 1 branch of the dungeon, and saw 4 of its levels.

You collected 200 gold pieces.

Inventory:

Hand Weapons
 a - a +2 dagger of venom (weapon)
 t - a +1 dagger
Missiles
 k - 3 boomerangs (quivered)
 r - 2 javelins
Armour
 b - a +0 robe (worn)
 p - a +0 helmet (worn)
 w - a +0 cloak (worn)
 x - a +0 pair of boots (worn)
Magical Staves
 o - a staff of air
 y - a staff of poison
Jewellery
 l - a ring of positive energy (left hand)
 m - a ring of positive energy (right hand)
Scrolls
 f - a scroll of magic mapping
 h - a scroll of noise {unknown}
 j - a scroll of blinking {unknown}
 q - a scroll of brand weapon {unknown}
 s - a scroll of butterflies {unknown}
 u - a scroll of teleportation {unknown}
 v - a scroll of identify
Potions
 c - 2 potions of invisibility
 d - a potion of attraction
 e - a potion of ambrosia
 g - a potion of flight
 i - 2 potions of haste
 n - a potion of mutation


   Skills:
 + Level 1.4 Fighting
 + Level 3.0 Short Blades
 + Level 1.4 Long Blades
 + Level 1.4 Axes
 + Level 1.4 Maces & Flails
 + Level 1.4 Polearms
 + Level 1.4 Staves
 + Level 1.4 Ranged Weapons
 + Level 1.4 Throwing
 + Level 1.4 Armour
 + Level 4.8 Dodging
 + Level 6.1 Stealth
 + Level 1.4 Shields
 + Level 1.4 Unarmed Combat
 + Level 5.2 Spellcasting
 + Level 1.1 Conjurations
 + Level 5.5 Hexes
 + Level 1.1 Summonings
 + Level 1.1 Necromancy
 + Level 1.1 Translocations
 + Level 1.1 Transmutations
 + Level 1.1 Fire Magic
 + Level 1.1 Ice Magic
 + Level 1.1 Air Magic
 + Level 1.1 Earth Magic
 + Level 1.1 Poison Magic
 + Level 1.6 Invocations
 + Level 1.4 Evocations


You had 6 spell levels left.
You knew the following spells:

 Your Spells              Type           Power      Damage    Failure   Level
a - Confusing Touch       Hex            21%        N/A       4%          3
e - Ensorcelled Hibernat  Hex/Ice        28%        N/A       5%          2
t - Tukima's Dance        Hex            21%        N/A       4%          3

Your spell library contained the following spells:

 Spells                   Type           Power      Damage    Failure   Level
 Dazzling Flash           Conj/Hex       28%        N/A       11%         3


Dungeon Overview and Level Annotations

Branches:
Dungeon (4/15)
 Temple: D:4-7

Altars:
Gozag

Shops:
D:1 :

Annotations:
D:3 1 runed translucent door, Beavis's ghost, amateur DsHu


Innate Abilities, Weirdness & Mutations

You have very sharp teeth.
Your uncanny sense of smell can sniff out nearby items.
Your experience applies equally to all skills.


Message History

You impale the orc!!
You kill the orc!
The orc wizard gestures at you while chanting.
The puff of flame misses you.
Your Short Blades skill increases to level 3!
The orc wizard barely misses you.
Casting: Ensorcelled Hibernation (safe; 5% risk of failure)
Confirm with . or Enter, or press ? or * to list all spells.
Aiming: Ensorcelled Hibernation (safe; 5% risk of failure)
Press: ? - help, Shift-Dir - straight line, f - orc wizard
Aim: an orc wizard, wielding a +0 dagger and wearing a +0 robe (chance to affect: 48%)
The orc wizard resists with some effort.
The orc wizard shouts!
The orc wizard mumbles some strange words.
The orc wizard flickers and vanishes!
Deactivating autopickup; reactivate with Ctrl-A.
You hit something but do no damage.
You hear some strange, mumbled words.
A puff of flame appears from out of thin air!
The puff of flame misses you. The orc wizard casts a spell at you.
The puff of flame hits you!
You miss something. The orc misses you. Something hits you.
You closely miss something. The orc closely misses you.
You hear some strange, mumbled words.
A magic dart appears from out of thin air!
The magic dart hits you!
You hit something. You miss something. The orc hits you with a +0 flail.
Something hits you but does no damage.
You miss something. The orc hits you with a +0 flail.
* * * LOW HITPOINT WARNING * * *
Something hits you.
* * * LOW HITPOINT WARNING * * *
Casting: Ensorcelled Hibernation (safe; 5% risk of failure)
Confirm with . or Enter, or press ? or * to list all spells.
Aiming: Ensorcelled Hibernation (safe; 5% risk of failure)
Press: ? - help, Shift-Dir - straight line Nothing appears to happen.
The orc hits you with a +0 flail!
You die...

#.......# #.....#
#.......#####.....#
#.................#
#..<÷.............#
#+##...÷.............#
.....................#
............#####.....#
............# #.....#
#........{@.# #.....#
#####......o# #.....#
.. #...o...'. #.....#
.. .'.......#...#.....#
..######
'#.......#...#.....#
.......# #########
..#.....# .......#
..#.....# .......+
.#.....# ..o.o..#
#.....#


You could see an orc wizard and an orc.

Vanquished Creatures
  2 orc priests
  An adder (D:3)
  A worm (D:2)
  A dart slug (D:4)
  3 orcs
  6 bats
  7 endoplasms
  A giant cockroach (D:1)
  7 goblins
  9 hobgoblins
  3 jackals (D:3)
  A quokka (D:3)
  7 ball pythons
  A frilled lizard (D:1)
  2 kobolds
  3 rats
55 creatures vanquished.

Notes
Turn   | Place    | Note
-------+----------+-------------------------------------------
     0 | D:1      | porpoise the Gnoll Enchanter began the quest for the Orb.
     0 | D:1      | Reached XP level 1. HP: 13/13 MP: 6/6
   143 | D:1      | Reached XP level 2. HP: 16/19 MP: 7/7
   182 | D:1      | Learned a level 2 spell: Ensorcelled Hibernation
   199 | D:1      | Found Wadebb's Book Emporium.
   773 | D:2      | Reached skill level 5 in Spellcasting
   773 | D:2      | Reached XP level 3. HP: 17/25 MP: 5/9
  1068 | D:2      | Found a faded altar of an unknown god.
  1439 | D:3      | Learned a level 3 spell: Confusing Touch
  1443 | D:3      | Learned a level 3 spell: Tukima's Dance
  1491 | D:3      | Reached skill level 6 in Stealth
  1748 | D:3      | Reached skill level 1 in Invocations
  1879 | D:3      | Found an opulent altar of Gozag.
  1887 | D:3      | Reached skill level 1 in Fighting
  1887 | D:3      | Reached skill level 1 in Long Blades
  1887 | D:3      | Reached skill level 1 in Axes
  1887 | D:3      | Reached skill level 1 in Maces & Flails
  1887 | D:3      | Reached skill level 1 in Polearms
  1887 | D:3      | Reached skill level 1 in Staves
  1887 | D:3      | Reached skill level 1 in Ranged Weapons
  1887 | D:3      | Reached skill level 1 in Throwing
  1887 | D:3      | Reached skill level 1 in Armour
  1887 | D:3      | Reached skill level 1 in Shields
  1887 | D:3      | Reached skill level 1 in Unarmed Combat
  1887 | D:3      | Reached skill level 1 in Evocations
  1970 | D:3      | Reached XP level 4. HP: 15/32 MP: 6/11
  2054 | D:3      | Found a runed translucent door.
  2059 | D:3      | Noticed Beavis's ghost (amateur DsHu)
  2419 | D:3      | Reached skill level 1 in Conjurations
  2419 | D:3      | Reached skill level 1 in Summonings
  2419 | D:3      | Reached skill level 1 in Necromancy
  2419 | D:3      | Reached skill level 1 in Translocations
  2419 | D:3      | Reached skill level 1 in Transmutations
  2419 | D:3      | Reached skill level 1 in Fire Magic
  2419 | D:3      | Reached skill level 1 in Ice Magic
  2419 | D:3      | Reached skill level 1 in Air Magic
  2419 | D:3      | Reached skill level 1 in Earth Magic
  2419 | D:3      | Reached skill level 1 in Poison Magic
  2651 | D:4      | Reached XP level 5. HP: 33/37 MP: 9/12
  2664 | D:4      | Slain by an orc

Illustrated notes

Levels and vault maps discovered:
D:1:      dpeg_arrival_court, layout_rooms, serial_shops,
          nicolae_shop_hallway_plus
D:2:      layout_loops_ring, hellmonk_ecumenical_altar_pennies_from_heaven
D:3:      cheibrodos_greedy_goblins, layout_loops_ring,
          mainiacjoe_overflow_24_doors, ebering_ghost_reflecting_pool
D:4:      layout_gridville

Skill      XL: |  1  2  3  4  5 |
---------------+----------------+-----
Spellcasting   | 5 |  5.2
Stealth        | 6 |  6.1
Invocations    | 1 |  1.6
Fighting       | 1 |  1.4
Long Blades    | 1 |  1.4
Axes           | 1 |  1.4
Maces & Flails | 1 |  1.4
Polearms       | 1 |  1.4
Staves         | 1 |  1.4
Ranged Weapons | 1 |  1.4
Throwing       | 1 |  1.4
Armour         | 1 |  1.4
Shields        | 1 |  1.4
Unarmed Combat | 1 |  1.4
Evocations     | 1 |  1.4
Conjurations   | 1 |  1.1
Summonings     | 1 |  1.1
Necromancy     | 1 |  1.1
Translocations | 1 |  1.1
Transmutations | 1 |  1.1
Fire Magic     | 1 |  1.1
Ice Magic      | 1 |  1.1
Air Magic      | 1 |  1.1
Earth Magic    | 1 |  1.1
Poison Magic   | 1 |  1.1
Short Blades   | 3 |  3.0
Dodging        | |  4.8
Hexes          | |  5.5

Action                     |  1- 3 |  4- 6 || total
---------------------------+-------+-------++-------
  Melee: Dagger            |   131 |    39 ||   170
         Bite              |    12 |     3 ||    15
         Punch             |       |     1 ||     1
   Cast: Ensorcelled Hiber |     9 |    13 ||    22
    Use: Scroll            |     7 |       ||     7
         Potion            |     1 |       ||     1
   Stab: Sleeping          |     9 |     8 ||    17
 Armour: Robe              |    24 |    11 ||    35
  Dodge: Dodged            |    87 |    29 ||   116

Table legend: (Time is in decaauts)
 A = Elapsed time spent in this place.
 B = Non-inter-level travel time spent in this place.
 C = Inter-level travel time spent in this place.
 D = Time resting spent in this place.
 E = Time spent auto-exploring this place.
 F = Levels seen in this place.
 G = Mean time per level.
                   A        B        C        D        E       F      G
               +--------+--------+--------+--------+--------+-----+--------+
         Total |   2642 |   2489 |    153 |    346 |   1602 |   4 |  660.5 |
       Dungeon |   2642 |   2489 |    153 |    346 |   1602 |   4 |  660.5 |
               +--------+--------+--------+--------+--------+-----+--------+

Top non-repeatable levels by time:
     D:3: 1062 daAuts
     D:2: 774 daAuts
     D:1: 651 daAuts
     D:4: 153 daAuts
